 Dungeon Crawl Stone Soup version 0.31.0-11-ge490571c62 (webtiles) character file.

Game seed: 4760195069501038398

20412 qw the Skirmisher (level 12, 0/67 HPs)
             Began as a Spriggan Hunter on Feb 5, 2024.
             Was a High Priest of Okawaru.
             Killed by angry trees
             ... awakened by a spriggan druid
              (17 damage)
             ... on level 3 of the Lair of Beasts.
             The game lasted 00:04:10 (10644 turns).

qw the Skirmisher (Spriggan Hunter)                Turns: 10644, Time: 00:04:11

Health: 0/67       AC: 10    Str:  5    XL:     12   Next: 45%
Magic:  15/20      EV: 29    Int: 11    God:    Okawaru [*****.]
Gold:   782        SH:  0    Dex: 29    Spells: 11/11 levels left

rFire   . . .        b - +4 hand cannon (drain)
rCold   . . .        (no shield)
rNeg    . . .        p - +0 acid dragon scales
rPois   .            (helmet restricted)
rElec   .            (no cloak)
rCorr   +            (gloves unavailable)
SInv    +            (boots unavailable)
Will    ++...        (no amulet)
Stlth   ++           i - +4 ring of protection
HPRegen 0.31/turn    k - +6 ring of dexterity
MPRegen 0.17/turn

%: clarity
@: about to teleport, finesse-ful, very quick
A: very small, no large weapons, unfitting armour, see invisible, speed 3,
clarity, sense surroundings 1, robust 1, weak 1
a: Renounce Religion, Heroism, Finesse, Duel


You were on level 3 of the Lair of Beasts.
You worshipped Okawaru.
Okawaru was extremely pleased with you.
You visited 2 branches of the dungeon, and saw 12 of its levels.

You collected 782 gold pieces.


Innate Abilities, Weirdness & Mutations

You are very small and have problems with some larger weapons.
You are too small for most types of armour.
You have supernaturally acute eyesight. (SInv)
You cover ground extremely quickly. (Speed+++)
You possess an exceptional clarity of mind.
You passively map a small area around you.
You are robust. (+10% HP)
You are weak. (Str -2)


   Skills:
 - Level 6.1 Fighting
 - Level 14.0 Ranged Weapons
 - Level 2.0 Armour
 + Level 13.2 Dodging
 - Level 1.5 Stealth
 - Level 10.0 Invocations


You had 11 spell levels left.
You didn't know any spells.
Your spell library was empty.

Inventory:

Hand Weapons
 b - a +4 hand cannon of draining (weapon)
Armour
 c - the +1 animal skin "Uvvaheew" {rElec Str+4 Stlth-}
   (Okawaru gifted it to you on level 2 of the Lair of Beasts)

   Str+4:     It affects your strength (+4).
   rElec:     It insulates you from electricity.
   Stlth-:    It makes you less stealthy.
 p - +0 acid dragon scales (worn)
 r - a +0 cloak
Jewellery
 i - a +4 ring of protection (left hand)
 k - a +6 ring of dexterity (right hand)
Wands
 d - a wand of mindburst (6)
 j - a wand of quicksilver (9)
Scrolls
 h - 2 scrolls of teleportation
 q - 2 scrolls of identify
Potions
 a - 4 potions of resistance
 e - 4 potions of curing
 f - 2 potions of mutation
 g - a potion of might
 l - a potion of cancellation
 m - a potion of haste
 n - a potion of lignification {unknown}
 o - a potion of enlightenment {unknown}

Dungeon Overview and Level Annotations

Branches:
Dungeon (9/15)             Temple (0/1) D:6            Lair (3/5) D:9
  Snake (0/4) Lair:2
  Swamp: Lair:2-3    Shoals: Lair:2-3       Orc: D:9-12

Altars:
Cheibriados
Fedhas
Hepliaklqana
Kikubaaqudgha
Okawaru
Ru
Trog
Uskayaw
Yredelemnul
The Shining One

Shops:
D:1 (

Portals:
Volcano: Lair:1

Annotations:
D:5 1 runed translucent door, qw's ghost, amateur SpHu
Lair:1 2 runed translucent doors, qw's ghost, novice DEHu


Message History

You shoot a bolt. The bolt barely misses the wolf.
The bolt hits the plant.
You drain the plant.
The plant is moderately damaged.
The wolf closely misses you. x2; The wolf completely misses you.
You shoot a bolt. The bolt hits the wolf.
The wolf is heavily wounded.
A nearby plant withers and dies.
The wolf misses you. The wolf closely misses you.
You shoot a bolt. The bolt hits the wolf!!
You kill the wolf!
Okawaru accepts your kill.
You start resting.
HP restored.
r - a +0 cloak You see here a wolf corpse.
You see here a wolf corpse.
There is a stone staircase leading down here.
Things that are here:
a dream sheep skeleton; a wolf skeleton; a dream sheep skeleton You see here 3 poisoned darts.
A spriggan druid and a five-headed hydra come into view.
The spriggan druid is wielding a +1 spectral quarterstaff.
The five-headed hydra roars!
You hear an angry buzzing noise.
10642 ||| INVOKING Finesse.
You can now deal lightning-fast blows.
The spriggan druid casts a spell.
The forest starts to sway and rumble!
You hear a shout!
You shoot a bolt. The bolt hits the spriggan druid!
The spriggan druid is moderately wounded.
Branches wave dangerously above you. A tree reaches out and hits you!
The spriggan druid casts a spell at you.
The stone arrow hits you!!
Ouch! That really hurt!
10644 ||| READING 3 scrolls of teleportation.
As you read the scroll of teleportation, it crumbles to dust.
You feel strangely unstable. A root smacks you from below!
You die...

### #.##
#@07
#.7..7
#.7 .i..
**7#####
#.7 .7.7
7..##.
##.7 ...
7....#
#..7* ,
ยค7
7.....
##.7 ,,
. 7.....
#.7 * ,
7....#
##.7,
**7.....


You could see a spriggan druid.

Vanquished Creatures
  Erolcha (D:9)
  Harold (Lair:2)
  A hydra (Lair:2)
  A boulder beetle (Lair:1)
  A skyshark (Lair:3)
  An elephant (D:9)
  4 black mambas
  A torpor snail (Lair:2)
  A rime drake (Lair:2)
  2 cane toads
  4 komodo dragons
  Grinder (D:4)
  12 blink frogs
  A polar bear (Lair:2)
  6 dream sheep
  A shadow (D:9)
  A wyvern (D:8)
  A human (Lair:1)
  Grum (D:8)
  A basilisk (Lair:1)
  Eustachio (D:5)
  10 yaks
  2 steam dragons
  Edmund (D:5)
  An acid dragon (D:9)
  10 water moccasins
  4 orc warriors
  3 sky beasts
  An ice beast (D:7)
  3 black bears
  2 ogres
  13 wolves
  5 centaurs
  2 phantoms
  A kobold brigand (D:7)
  A gnoll sergeant (D:6)
  7 scorpions
  11 bullfrogs
  8 wights
  17 killer bees
  A howler monkey (D:6)
  A bombardier beetle (D:5)
  2 gnoll boudas (D:8)
  A jelly (D:6)
  5 hounds
  3 orc priests
  5 sleepcaps
  3 iguanas
  9 orc wizards
  Robin (D:3)
  8 gnolls
  7 adders
  2 ufetubi (D:6)
  2 ribbon worms
  2 dart slugs
  27 orcs
  4 ball pythons (D:1)
  6 bats
  6 endoplasms
  2 giant cockroaches
  14 goblins
  7 hobgoblins
  2 jackals (D:3)
  10 kobolds
  A quokka (D:4)
  A frilled lizard (D:1)
  10 rats
288 creatures vanquished.

Notes
Turn   | Place    | Note
-------+----------+-------------------------------------------
     0 | D:1      | qw the Spriggan Hunter began the quest for the Orb.
     0 | D:1      | Reached XP level 1. HP: 10/10 MP: 2/2
     0 | D:1      | 0 ||| qw: Version: 0.3-a-160-g6735b56
     0 | D:1      | 0 ||| qw: Game counter: 6362
     0 | D:1      | 0 ||| qw: Melee chars always use a shield: true
     0 | D:1      | 0 ||| qw: God list: Okawaru
     0 | D:1      | 0 ||| qw: Allow faded altars: false
     0 | D:1      | 0 ||| qw: Do Orc after clearing Dungeon:15 true
     0 | D:1      | 0 ||| qw: Do second Lair branch before Depths: true
     0 | D:1      | 0 ||| qw: Lair rune preference: random
     0 | D:1      | 0 ||| qw: Goals: Normal
     0 | D:1      | 0 ||| PLANNING D:1-11
    43 | D:1      | Reached skill level 3 in Dodging
   146 | D:1      | 146 ||| DROPPING +1 sling of flaming.
   177 | D:1      | Reached XP level 2. HP: 14/14 MP: 3/3
   458 | D:1      | Found Sugoenkai's Antique Weapon Shop.
   693 | D:1      | 693 ||| READING scroll labelled XEOCAYR RIRUIW.
   693 | D:1      | 693 ||| IDENTIFYING orange potion
   694 | D:1      | 694 ||| READING scroll labelled ETUPUO MENAYRGH.
   695 | D:1      | 695 ||| READING 2 scrolls labelled UXTONIY QOBEF.
   700 | D:1      | 700 ||| DROPPING scroll of butterflies.
   798 | D:2      | Reached XP level 3. HP: 18/18 MP: 4/4
  1373 | D:2      | 1373 ||| READING 2 scrolls of identify.
  1373 | D:2      | 1373 ||| IDENTIFYING bubbling orange potion
  1374 | D:2      | 1374 ||| READING scroll of identify.
  1374 | D:2      | 1374 ||| IDENTIFYING sedimented white potion
  1375 | D:2      | 1375 ||| DRINKING 2 fizzy purple potions.
  1375 | D:2      | Gained mutation: You have hidden genetic defects. [potion
                  | of mutation]
  1375 | D:2      | Gained mutation: Your body sometimes deteriorates upon
                  | taking damage. [potion of mutation]
  1375 | D:2      | Gained mutation: You have an increased reservoir of magic.
                  | (+10% MP) [potion of mutation]
  1400 | D:3      | Reached skill level 5 in Ranged Weapons
  1497 | D:3      | Reached XP level 4. HP: 22/22 MP: 5/5
  1520 | D:3      | Found a glowing golden altar of the Shining One.
  1520 | D:3      | Gained mutation: You are weak. (Str -2) [hidden defects]
  1546 | D:3      | Noticed a scorpion
  1547 | D:3      | 1547 ||| DRINKING potion of haste.
  1559 | D:3      | Killed a scorpion
  1572 | D:3      | Gained mutation: You sometimes lose your temper in combat.
                  | [hidden defects]
  1572 | D:3      | Lost mutation: You have hidden genetic defects. [hidden
                  | defects expressed]
  1605 | D:3      | Reached XP level 5. HP: 18/25 MP: 6/6
  1605 | D:3      | 1605 ||| FLEEEEING.
  1643 | D:3      | 1643 ||| DRINKING potion of mutation.
  1643 | D:3      | Lost mutation: Your body sometimes deteriorates upon taking
                  | damage. [potion of mutation]
  1643 | D:3      | Lost mutation: You have an increased reservoir of magic.
                  | (+10% MP) [potion of mutation]
  1643 | D:3      | Gained mutation: You are robust. (+10% HP) [potion of
                  | mutation]
  1643 | D:3      | Gained mutation: Your flesh is cold resistant. (rC+)
                  | [potion of mutation]
  1818 | D:3      | 1818 ||| DRINKING potion of mutation.
  1818 | D:3      | Lost mutation: You sometimes lose your temper in combat.
                  | [potion of mutation]
  1818 | D:3      | Lost mutation: Your flesh is cold resistant. (rC+) [potion
                  | of mutation]
  1818 | D:3      | Gained mutation: You possess an exceptional clarity of
                  | mind. [potion of mutation]
  1818 | D:3      | Gained mutation: You passively map a small area around you.
                  | [potion of mutation]
  2115 | D:3      | Found a sacrificial altar of Ru.
  2116 | D:3      | Found a bloodstained altar of Trog.
  2353 | D:3      | Found a hazy altar of Hepliaklqana.
  2359 | D:3      | 2359 ||| READING 2 scrolls of identify.
  2359 | D:3      | 2359 ||| IDENTIFYING white potion
  2360 | D:3      | 2360 ||| READING scroll of identify.
  2360 | D:3      | 2360 ||| IDENTIFYING pink potion
  2361 | D:3      | 2361 ||| READING scroll labelled EVEQ NUOPRIT.
  2362 | D:3      | 2362 ||| READING scroll labelled OTWOECZ FULI.
  2363 | D:3      | 2363 ||| DROPPING potion of attraction.
  2364 | D:3      | 2364 ||| DROPPING potion of invisibility.
  2386 | D:4      | Noticed Robin
  2387 | D:4      | 2387 ||| STAIRDANCE
  2394 | D:4      | 2394 ||| STAIRDANCE
  2468 | D:4      | 2468 ||| STAIRDANCE
  2475 | D:4      | 2475 ||| STAIRDANCE
  2480 | D:4      | 2480 ||| STAIRDANCE
  2489 | D:3      | Killed Robin
  2641 | D:4      | 2641 ||| FLEEEEING.
  2665 | D:4      | Found an iron altar of Okawaru.
  2666 | D:4      | 2666 ||| PLANNING OKAWARU WORSHIP
  2668 | D:4      | Noticed Grinder
  2674 | D:4      | Paralysed by Grinder for 5 turns
  2691 | D:4      | Killed Grinder
  2692 | D:4      | Reached skill level 6 in Ranged Weapons
  2692 | D:4      | Reached XP level 6. HP: 29/33 MP: 7/7
  2710 | D:4      | Became a worshipper of Warmaster Okawaru
  2711 | D:4      | 2711 ||| PLANNING D:1-11
  2852 | D:4      | Reached skill level 6 in Dodging
  2908 | D:4      | Reached skill level 7 in Ranged Weapons
  2908 | D:4      | Reached XP level 7. HP: 33/38 MP: 8/8
  3376 | D:4      | 3376 ||| READING 3 scrolls of identify.
  3376 | D:4      | 3376 ||| IDENTIFYING scroll labelled KEONNIE JYIGA
  3377 | D:4      | 3377 ||| READING scroll of enchant weapon.
  3377 | D:4      | 3377 ||| ENCHANTING +0 shortbow.
  3395 | D:5      | Entered Level 5 of the Dungeon
  3469 | D:5      | Reached * piety under Okawaru
  3476 | D:5      | Found a snail-covered altar of Cheibriados.
  3509 | D:5      | Found a basalt altar of Yredelemnul.
  3510 | D:5      | Found a blossoming altar of Fedhas.
  3565 | D:5      | 3565 ||| RETREEEEATING.
  3566 | D:5      | 3566 ||| RETREEEEATING.
  3567 | D:5      | 3567 ||| RETREEEEATING.
  3568 | D:5      | 3568 ||| RETREEEEATING.
  3569 | D:5      | 3569 ||| RETREEEEATING.
  3570 | D:5      | 3570 ||| RETREEEEATING.
  3576 | D:5      | 3576 ||| RETREEEEATING.
  3583 | D:5      | Reached skill level 1 in Invocations
  3680 | D:5      | 3680 ||| SWAPPING to +0 orcbow.
  3681 | D:5      | 3681 ||| DROPPING +1 shortbow.
  3690 | D:5      | 3690 ||| ZAPPING wand of mindburst (7) at -1,0 (black bear;
                  | floor).
  3691 | D:5      | Reached skill level 8 in Ranged Weapons
  3754 | D:5      | Reached XP level 8. HP: 42/42 MP: 11/11
  3763 | D:5      | Reached ** piety under Okawaru
  3764 | D:5      | Reached skill level 3 in Invocations
  3827 | D:5      | Found a runed translucent door.
  3827 | D:5      | Noticed qw's ghost (amateur SpHu)
  3862 | D:5      | HP: 10/42 [ogre/+0 giant club (32)]
  3863 | D:5      | 3863 ||| READING 2 scrolls of teleportation.
  4067 | D:5      | Noticed Eustachio
  4068 | D:5      | Reached skill level 3 in Fighting
  4194 | D:5      | 4194 ||| RETREEEEATING.
  4195 | D:5      | 4195 ||| RETREEEEATING.
  4209 | D:5      | Killed Eustachio
  4309 | D:5      | 4309 ||| READING 2 scrolls of identify.
  4309 | D:5      | 4309 ||| IDENTIFYING scroll labelled XETUPP JEFIXTE
  4310 | D:5      | 4310 ||| READING scroll of brand weapon.
  4310 | D:5      | 4310 ||| BRANDING +0 orcbow.
  4324 | D:6      | Noticed Edmund
  4326 | D:6      | 4326 ||| STAIRDANCE
  4392 | D:6      | 4392 ||| STAIRDANCE
  4404 | D:5      | Killed Edmund
  4516 | D:6      | 4516 ||| STAIRDANCE
  4622 | D:6      | Found a staircase to the Ecumenical Temple.
  4679 | D:6      | Reached skill level 9 in Ranged Weapons
  4786 | D:6      | Reached *** piety under Okawaru
  4787 | D:6      | Reached skill level 9 in Dodging
  4787 | D:6      | Reached XP level 9. HP: 40/48 MP: 13/13
  5166 | D:6      | 5166 ||| READING 2 scrolls of identify.
  5166 | D:6      | 5166 ||| IDENTIFYING 2 emerald potions
  5167 | D:6      | 5167 ||| READING scroll of identify.
  5167 | D:6      | 5167 ||| IDENTIFYING scroll labelled JUAVOQ ONAXIFRAUP
  5167 | D:6      | Identified a scroll of acquirement
  5168 | D:6      | 5168 ||| READING scroll of acquirement.
  5168 | D:6      | 5168 ||| ACQUIRING +3 hand cannon of freezing
  5168 | D:6      | Acquired a +3 hand cannon of freezing
  5170 | D:6      | 5170 ||| SWAPPING to +3 hand cannon of freezing.
  5171 | D:6      | 5171 ||| DROPPING +0 orcbow of flaming.
  5306 | D:7      | 5306 ||| RETREEEEATING.
  5307 | D:7      | 5307 ||| RETREEEEATING.
  5310 | D:7      | Reached skill level 10 in Ranged Weapons
  5414 | D:7      | Identified the +3 scimitar of Spontaneous Combustion
                  | {freeze, rC+ Int+3}
  5443 | D:7      | 5443 ||| INVOKING Heroism.
  5771 | D:7      | Reached **** piety under Okawaru
  6225 | D:7      | 6225 ||| UPGRADING to +4 ring of protection.
  6226 | D:7      | 6226 ||| UPGRADING to +6 ring of dexterity.
  6453 | D:8      | Noticed Grum
  6454 | D:8      | 6454 ||| RETREEEEATING.
  6455 | D:8      | 6455 ||| RETREEEEATING.
  6457 | D:8      | Reached XP level 10. HP: 50/53 MP: 14/14
  6460 | D:8      | Killed Grum
  6576 | D:8      | 6576 ||| READING scroll of enchant weapon.
  6576 | D:8      | 6576 ||| ENCHANTING +3 hand cannon of freezing.
  6895 | D:8      | Reached skill level 6 in Invocations
  6895 | D:8      | Reached ***** piety under Okawaru
  6896 | D:8      | Reached skill level 12 in Dodging
  7021 | D:8      | 7021 ||| DROPPING ring of resist corrosion.
  7022 | D:8      | 7022 ||| READING scroll of identify.
  7022 | D:8      | 7022 ||| IDENTIFYING puce potion
  7023 | D:8      | 7023 ||| DROPPING potion of degeneration.
  7028 | D:9      | 7028 ||| STAIRDANCE
  7036 | D:9      | 7036 ||| STAIRDANCE
  7044 | D:9      | 7044 ||| STAIRDANCE
  7111 | D:9      | Noticed an elephant
  7112 | D:9      | 7112 ||| INVOKING Finesse.
  7120 | D:9      | Killed an elephant
  7135 | D:9      | Noticed Erolcha
  7138 | D:9      | Reached skill level 11 in Ranged Weapons
  7139 | D:9      | Killed Erolcha
  7281 | D:9      | 7281 ||| RETREEEEATING.
  7282 | D:9      | 7282 ||| RETREEEEATING.
  7283 | D:9      | 7283 ||| RETREEEEATING.
  7284 | D:9      | 7284 ||| RETREEEEATING.
  7285 | D:9      | 7285 ||| RETREEEEATING.
  7286 | D:9      | 7286 ||| RETREEEEATING.
  7287 | D:9      | 7287 ||| RETREEEEATING.
  7288 | D:9      | 7288 ||| RETREEEEATING.
  7289 | D:9      | 7289 ||| RETREEEEATING.
  7290 | D:9      | 7290 ||| RETREEEEATING.
  7291 | D:9      | 7291 ||| RETREEEEATING.
  7292 | D:9      | 7292 ||| RETREEEEATING.
  7293 | D:9      | 7293 ||| RETREEEEATING.
  7294 | D:9      | 7294 ||| RETREEEEATING.
  7427 | D:9      | Found a hide-covered altar of Uskayaw.
  7441 | D:9      | Found an ancient bone altar of Kikubaaqudgha.
  7695 | D:9      | Found a staircase to the Lair.
  7699 | D:9      | Reached XP level 11. HP: 58/58 MP: 18/18
  7702 | D:9      | 7702 ||| READING scroll of brand weapon.
  7702 | D:9      | 7702 ||| BRANDING +4 hand cannon of freezing.
  7834 | D:9      | 7834 ||| PLANNING LAIR
  7834 | D:9      | 7834 ||| UPGRADING to +0 acid dragon scales.
  7844 | D:9      | 7844 ||| DROPPING +0 robe.
  7845 | D:9      | 7845 ||| READING 2 scrolls labelled UMO KALONESO.
  7941 | D:9      | 7941 ||| DROPPING scroll of torment.
  7967 | Lair:1   | Entered Level 1 of the Lair of Beasts
  7970 | Lair:1   | Received a gift from Okawaru
  8000 | Lair:1   | Noticed a boulder beetle
  8001 | Lair:1   | 8001 ||| ZAPPING wand of quicksilver (11) at 5,-4 (boulder
                  | beetle; floor).
  8002 | Lair:1   | 8002 ||| ZAPPING wand of quicksilver (10) at 4,-4 (boulder
                  | beetle; floor).
  8003 | Lair:1   | 8003 ||| INVOKING Finesse.
  8017 | Lair:1   | Killed a boulder beetle
  8018 | Lair:1   | Reached skill level 1 in Armour
  8128 | Lair:1   | Found a runed translucent door.
  8132 | Lair:1   | Noticed a reaper
  8201 | Lair:1   | Reached skill level 9 in Invocations
  8305 | Lair:1   | Found a dark tunnel.
  8450 | Lair:1   | Found a runed translucent door.
  8451 | Lair:1   | Noticed qw's ghost (novice DEHu)
  8885 | Lair:1   | 8885 ||| READING scroll labelled AFAGOP JASA.
  8886 | Lair:1   | 8886 ||| DRINKING 2 fuming emerald potions.
  8887 | Lair:1   | 8887 ||| DRINKING 4 potions of curing.
  8887 | Lair:1   | 8887 ||| (to cure confusion)
  8888 | Lair:1   | 8888 ||| DRINKING 2 glowing yellow potions.
  8889 | Lair:1   | 8889 ||| DROPPING potion of ambrosia.
  8931 | Lair:2   | Noticed Harold
  8932 | Lair:2   | 8932 ||| INVOKING Finesse.
  8933 | Lair:2   | 8933 ||| STAIRDANCE
  8979 | Lair:2   | 8979 ||| INVOKING Finesse.
  8981 | Lair:2   | Killed Harold
  9247 | Lair:2   | Noticed a five-headed hydra
  9248 | Lair:2   | 9248 ||| INVOKING Finesse.
  9253 | Lair:2   | Killed a five-headed hydra
  9253 | Lair:2   | Received a gift from Okawaru
  9355 | Lair:2   | 9355 ||| RETREEEEATING.
  9358 | Lair:2   | 9358 ||| RETREEEEATING.
  9359 | Lair:2   | 9359 ||| RETREEEEATING.
  9360 | Lair:2   | 9360 ||| RETREEEEATING.
  9362 | Lair:2   | 9362 ||| RETREEEEATING.
  9363 | Lair:2   | 9363 ||| RETREEEEATING.
  9364 | Lair:2   | 9364 ||| RETREEEEATING.
  9369 | Lair:2   | 9369 ||| INVOKING Finesse.
  9377 | Lair:2   | Reached skill level 12 in Ranged Weapons
  9519 | Lair:2   | 9519 ||| RETREEEEATING.
  9520 | Lair:2   | 9520 ||| RETREEEEATING.
  9525 | Lair:2   | 9525 ||| RETREEEEATING.
  9708 | Lair:2   | Reached skill level 13 in Ranged Weapons
  9708 | Lair:2   | Reached XP level 12. HP: 66/66 MP: 20/20
  9895 | Lair:2   | 9895 ||| RETREEEEATING.
  9896 | Lair:2   | 9896 ||| RETREEEEATING.
  9897 | Lair:2   | 9897 ||| RETREEEEATING.
  9901 | Lair:2   | Reached ****** piety under Okawaru
  9907 | Lair:2   | 9907 ||| INVOKING Receive Weapon.
  9907 | Lair:2   | 9907 ||| ACQUIRING +6 arbalest of Valour {penet, rElec rN+
                  | Int+5 Stlth-}
  9907 | Lair:2   | Acquired the +6 arbalest of Valour {penet, rElec rN+ Int+5
                  | Stlth-}
  9907 | Lair:2   | Received a gift from Okawaru
  9908 | Lair:2   | 9908 ||| INVOKING Receive Armour.
  9908 | Lair:2   | 9908 ||| ACQUIRING +1 animal skin "Uvvaheew" {rElec Str+4
                  | Stlth-}
  9908 | Lair:2   | Acquired the +1 animal skin "Uvvaheew" {rElec Str+4 Stlth-}
  9908 | Lair:2   | Received a gift from Okawaru
  9988 | Lair:2   | Found a staircase to the Snake Pit.
 10015 | Lair:2   | Received a gift from Okawaru
 10128 | Lair:2   | 10128 ||| DRINKING 2 fizzy amethyst potions.
 10143 | Lair:3   | 10143 ||| STAIRDANCE
 10170 | Lair:3   | 10170 ||| RETREEEEATING.
 10171 | Lair:3   | 10171 ||| RETREEEEATING.
 10172 | Lair:3   | 10172 ||| RETREEEEATING.
 10173 | Lair:3   | 10173 ||| RETREEEEATING.
 10174 | Lair:3   | 10174 ||| INVOKING Finesse.
 10186 | Lair:3   | HP: 15/66 [wolf (8)]
 10187 | Lair:3   | Reached skill level 14 in Ranged Weapons
 10187 | Lair:3   | 10187 ||| READING 4 scrolls of teleportation.
 10188 | Lair:3   | 10188 ||| DRINKING potion of heal wounds.
 10374 | Lair:3   | Reached skill level 6 in Fighting
 10641 | Lair:3   | Noticed a five-headed hydra
 10642 | Lair:3   | 10642 ||| INVOKING Finesse.
 10643 | Lair:3   | HP: 16/67 [spriggan druid/stone arrow (35)]
 10644 | Lair:3   | 10644 ||| READING 3 scrolls of teleportation.
 10644 | Lair:3   | Killed from afar by a spriggan druid

Levels and vault maps discovered:
D:1:      dpeg_arrival_prison, layout_loops_ring, serial_shops, shop,
          dreamdust_princess_bridge, minmay_bisected
D:2:      layout_basic, amcnicky_mini_rare_corridor_liquid
D:3:      layout_loops_corners, nzn_hepliaklqana_mist_gate, tso_metal_star,
          nicolae_overflow_squiral
D:4:      layout_loops_ring, okawaru_gym_becter, uniq_robin, uniq_grinder
D:5:      layout_loops_ring, chequers_temple_overflow_statue_of_worship,
          gammafunk_ghost_grave, uniq_eustachio
D:6:      layout_cave_pools, minmay_temple_entry_glass,
          hangedman_abyss_or_decor_lesser_grid, uniq_edmund
D:7:      layout_loops_corners, grunt_ministairs_2, minmay_bent
D:8:      layout_basic, minmay_fractal_squares_gapless_5, uniq_grum
D:9:      layout_basic, nicolae_kikubaaqudgha_miasma_corner,
          mainiacjoe_overflow_chevrons, grunt_lair_entry_orc_guard_hut,
          uniq_erolcha
Lair:1:   layout_regular_city, nicolae_volcano_entry_two_sided,
          gammafunk_ghost_grave, pdpol_lair_cabin_in_the_woods
Lair:2:   layout_regular_city, minmay_snake_entry_six_corridors, uniq_harold
Lair:3:   minmay_lair_oklob_tunnel, layout_layer_cave,
          mainiacjoe_swamp_entry_angry_trees, special_room
          [special_room_mythical_zoo]

Skill      XL: |  1  2  3  4  5  6  7  8  9 10 11 12 |
---------------+-------------------------------------+-----
Dodging        | 3 4 5 6 7 9 11 13 | 13.2
Ranged Weapons | 5 6 7 8 9 10 11 13 14 | 14.0
Fighting       | 2 3 4 5 6 |  6.1
Invocations    | 2 4 5 8 10 | 10.0
Armour         | 1 2 |  2.0
Stealth        | |  1.5

Action                     |  1- 3 |  4- 6 |  7- 9 | 10-12 || total
---------------------------+-------+-------+-------+-------++-------
   Fire: Shortbow          |    99 |   145 |    80 |       ||   324
         Orcbow            |       |       |   158 |       ||   158
         Hand cannon       |       |       |    98 |   343 ||   441
 Invoke: Heroism           |       |       |     1 |       ||     1
         Finesse           |       |       |       |     8 ||     8
         Receive Weapon    |       |       |       |     1 ||     1
         Receive Armour    |       |       |       |     1 ||     1
  Evoke: Wand              |       |       |     1 |     2 ||     3
    Use: Scroll            |     5 |     4 |     8 |     7 ||    24
         Potion            |     1 |     3 |       |     5 ||     9
 Armour: Robe              |     3 |    18 |    66 |    21 ||   108
         Acid dragon scale |       |       |       |    35 ||    35
  Dodge: Dodged            |    28 |    73 |   227 |   356 ||   684

Table legend:
 A = Non-vault XP
 B = Vault XP
 C = Vault XP percentage of total XP
 D = Non-vault monster count
 E = Vault monster count
 F = Vault count percentage of total count
                 A         B        C        D         E       F
            +---------+---------+-------+---------+---------+-------
      Total |   21123 |    8037 |  27.6 |     233 |      55 |  19.1
            +---------+---------+-------+---------+---------+-------
        D:1 |      23 |      12 |  34.3 |      15 |       7 |  31.8
        D:2 |      47 |       0 |   0.0 |      12 |       0 |   0.0
        D:3 |     152 |      25 |  14.1 |      23 |       6 |  20.7
        D:4 |     400 |     281 |  41.3 |       9 |       4 |  30.8
        D:5 |    1086 |     344 |  24.1 |      20 |       2 |   9.1
        D:6 |     891 |       0 |   0.0 |      18 |       0 |   0.0
        D:7 |    1212 |     613 |  33.6 |      25 |       9 |  26.5
        D:8 |    1054 |     988 |  48.4 |      27 |       8 |  22.9
        D:9 |    1900 |    2234 |  54.0 |      26 |       7 |  21.2
     Lair:1 |    2298 |     589 |  20.4 |       9 |       3 |  25.0
     Lair:2 |    7677 |    2951 |  27.8 |      28 |       9 |  24.3
     Lair:3 |    4383 |       0 |   0.0 |      21 |       0 |   0.0
            +---------+---------+-------+---------+---------+-------
